 Dungeon Crawl Stone Soup version 0.28-a0-906-g0406aca7d3 (webtiles) character file.

Game seed: 15840667235179335406

109 Sabo the Firebug (level 4, -7/40 HPs)
             Began as an Ogre Fire Elementalist on Nov 23, 2021.
             Was an Initiate of Nemelex Xobeh.
             Mangled by Menkaure (20 damage)
             ... on level 4 of the Dungeon.
             The game lasted 00:20:32 (3698 turns).

Sabo the Firebug (Ogre Fire Elementalist)           Turns: 3698, Time: 00:20:32

Health: -7/40      AC:  3    Str: 12    XL:     4   Next: 90%
Magic:  14/17      EV: 10    Int: 17    God:    Nemelex Xobeh [......]
Gold:   95         SH:  0    Dex:  9    Spells: 8/9 levels left

rFire   . . .      SeeInvis .   l - +1 war axe (freeze)
rCold   . . .      Faith    .   (no shield)
rNeg    . . .      Spirit   .   a - +0 robe
rPois   .          Reflect  .   (helmet restricted)
rElec   .          Harm     .   (no cloak)
rCorr   .          Rampage  .   (gloves unavailable)
Will    .....                   (boots unavailable)
Stlth   ++........              (no amulet)
HPRegen 0.13/turn               e - ring of magical power
MPRegen 0.15/turn               n - +4 ring of slaying

@: no status effects
A: large, unfitting armour, tough skin 1
a: Renounce Religion, Draw Escape, Draw Destruction, Draw Summoning


You were on level 4 of the Dungeon.
You worshipped Nemelex Xobeh.
Nemelex Xobeh was noncommittal.
You visited 1 branch of the dungeon, and saw 4 of its levels.

You collected 95 gold pieces.

Inventory:

Hand Weapons
 j - a +0 hunting sling
 l - a +1 war axe of freezing (weapon)
Missiles
 b - 37 arrows
Armour
 a - a +0 robe (worn)
Jewellery
 e - a ring of magical power (left hand)
 n - a +4 ring of slaying (right hand)
Scrolls
 d - a scroll of identify
 g - 3 scrolls of amnesia
 h - 2 scrolls of teleportation
Potions
 c - 2 potions of curing {unknown}
 i - 2 potions of ambrosia {unknown}
 k - 2 potions of mutation {unknown}
 m - a potion of heal wounds {unknown}


   Skills:
 + Level 0.5 Fighting
 + Level 1.1 Axes
 + Level 2.3 Dodging
 + Level 1.7 Stealth
 + Level 3.2 Spellcasting
 + Level 1.4 Conjurations
 + Level 3.5 Fire Magic


You had 8 spell levels left.
You knew the following spells:

 Your Spells              Type           Power      Damage    Failure   Level
a - Foxfire               Conj/Fire      44%        2x1d6     6%          1

Your spell library contained the following spells:

 Spells                   Type           Power      Damage    Failure   Level
 Scorch                   Fire           28%        2d6       6%          2
 Shock                    Conj/Air       20%        1d4       13%         1
 Conjure Flame            Conj/Fire      11%        6-21      19%         3
 Inner Flame              Hex/Fire       8%         N/A       24%         3
 Dazzling Flash           Conj/Hex       10%        N/A       36%         3
 Ozocubu's Armour         Ice            2%         N/A       45%         3
 Swiftness                Air            2%         N/A       45%         3
 Flame Wave               Conj/Fire      11%        3d4       52%         4
 Airstrike                Air            1%         N/A       86%         4
 Agony                    Necr           2%         N/A       99%         5
 Metabolic Englaciation   Hex/Ice        1%         N/A       99%         5
 Silence                  Hex/Air        1%         N/A       99%         5
 Simulacrum               Ice/Necr       1%         N/A       100%        6


Dungeon Overview and Level Annotations

Branches:
Dungeon (4/15)
 Temple: D:4-7

Altars:
Gozag
Nemelex Xobeh
Okawaru
Xom

Shops:
D:1 [   D:4 [

Annotations:
D:4 Menkaure


Innate Abilities, Weirdness & Mutations

You are too large for most types of armour.
You have tough skin. (AC +1)


Message History

You hear the sound of rushing water.
There is an entrance to a sewer on this level.
Hurry and find it before the portal rusts away!
There is a stone staircase leading up here.
As you read the scroll of magic mapping, it crumbles to dust.
You feel aware of your surroundings.
You sensed 1 altar, and 2 shops/portals.
Found Neargh's Armour Emporium.
Found a scroll of identify.
There is an entrance to Neargh's Armour Emporium here.
Found a bubbling silvery potion.
Found a ring of magical power.
Found an opulent altar of Gozag.
d - a scroll of identify
Found a stone staircase leading down.
Menkaure, Prince of Dust comes into view.
Menkaure calls on the powers of darkness!
Your body is wracked with pain!
You hear the slow rusting of a drain very nearby.
Menkaure casts a spell.
Menkaure seems to speed up.
Casting: Foxfire (safe; 6% risk of failure)
Confirm with . or Enter, or press ? or * to list all spells.
You conjure some foxfire!
Your foxfire dissipates!
The foxfire hits Menkaure but does no damage.
Menkaure calls on the powers of darkness!
Your body is wracked with pain!
* * * LOW HITPOINT WARNING * * *
Casting: Foxfire (safe; 6% risk of failure)
Confirm with . or Enter, or press ? or * to list all spells.
You conjure some foxfire!
Your foxfire dissipates!
The foxfire hits Menkaure.
Menkaure is lightly damaged.
Menkaure grins.
Casting: Foxfire (safe; 6% risk of failure)
Confirm with . or Enter, or press ? or * to list all spells.
You conjure some foxfire!
Menkaure hits you!!
Ouch! That really hurt!
You die...
Your body disappears without a glow.

*.≈≈≈.#.#..###
*≈*≈≈≈≈**≈**,,,,**
*...≈.+.##..#
*,*≈***≈*≈*,,,,,*,
*._.≈.+.*#..#
*,*≈*∩*,*≈*,,,,,,,
*...≈.+.*##.##
*,*≈*≈*≈*≈*,,,**,,
*.≈≈≈,##* #..#
*≈**≈**≈*≈*,,**,,*
*,,,,,**
##.##*≈*****≈*≈*,***,,*
********
#..##*≈≈≈≈≈**≈****,,**
,,,*****
**#...####****,****,,**
,,,** *#...#.M@v#
*,,,,**,,*
,,,,****#...####v##
***,,,,,**
,,,,,,,#..##* #..#
*,,,,,,* ,****,...#*
#..#*****,,,,,,** **
**#..*
##..,,,,,,,,,,,,* *
#.,** *...,,,,,,,,,,,**
* **,,*
*....,,,,,,,,,,,, *
*,,* *.....,,,,,,,,,,,
* ****,**
*,,,,,,,,,,,,,,,*


You could see Menkaure (fast, ally target).

Vanquished Creatures
  A jelly (D:2)
  2 adders
  4 orcs (D:3)
  4 endoplasms
  3 giant cockroaches
  7 goblins
  5 hobgoblins
  4 jackals (D:2)
  3 quokkas
  3 ball pythons
  4 bats
  3 frilled lizards
  6 kobolds
  4 rats
53 creatures vanquished.

Vanquished Creatures (others)
  66 foxfires
66 creatures vanquished.

Grand Total: 119 creatures vanquished

Notes
Turn   | Place    | Note
-------+----------+-------------------------------------------
     0 | D:1      | Sabo the Ogre Fire Elementalist began the quest for the
                  | Orb.
     0 | D:1      | Reached XP level 1. HP: 16/16 MP: 3/3
   291 | D:1      | Reached XP level 2. HP: 24/24 MP: 3/5
   467 | D:1      | Reached skill level 1 in Conjurations
   497 | D:1      | Found Zytomid's Antique Armour Shoppe.
  1698 | D:2      | Reached XP level 3. HP: 25/31 MP: 7/7
  1978 | D:2      | Reached XP level 4. HP: 39/39 MP: 8/8
  3017 | D:3      | Noticed a golden eye
  3019 | D:3      | Found a faded altar of an unknown god.
  3021 | D:3      | Noticed a golden eye
  3050 | D:3      | Noticed a shining eye
  3050 | D:3      | Noticed a golden eye
  3118 | D:3      | Prayed at the altar of an unknown god.
  3118 | D:3      | Became a worshipper of Xom the Elder Chaos God
  3341 | D:3      | Reached skill level 1 in Axes
  3408 | D:3      | Found an iron altar of Okawaru.
  3500 | D:3      | Found a sparkling altar of Nemelex Xobeh.
  3550 | D:3      | Fell from the grace of Xom
  3550 | D:3      | Became a worshipper of Nemelex Xobeh the Trickster
  3650 | D:4      | Found Neargh's Armour Emporium.
  3669 | D:4      | Found an opulent altar of Gozag.
  3687 | D:4      | Noticed Menkaure
  3698 | D:4      | Mangled by Menkaure

Illustrated notes

Levels and vault maps discovered:
D:1:      dpeg_arrival_central, layout_basic, serial_shops, shop, minmay_unequal
D:2:      layout_basic, hangedman_decor_clover_reticule
D:3:      layout_loops_ring, nemelex_xobeh_ov_fountains_minmay,
          okawaru_altar_gauntlet_db, hellmonk_ecumenical_altar_watching_god
D:4:      layout_layer_cave, mainiacjoe_overflow_alcove_4,
          gup_sewer_entry_spiral, serial_shops, nicolae_shop_stone,
          uniq_grinder, uniq_menkaure, uniq_crazy_yiuf_cottage

Skill      XL: |  1  2  3  4 |
---------------+-------------+-----
Fire Magic     | 3 |  3.5
Conjurations   | 1 |  1.4
Dodging        | 2 |  2.3
Spellcasting   | 3 |  3.2
Axes           | 1 |  1.1
Fighting       | |  0.5
Stealth        | |  1.7

Action                   |  1- 3 |  4- 6 || total
-------------------------+-------+-------++-------
Melee: Hand axe          |    26 |    19 ||    45
       War axe           |       |    20 ||    20
 Cast: Foxfire           |    32 |    30 ||    62
  Use: Scroll            |       |     9 ||     9
Armor: Robe              |    14 |    19 ||    33
Dodge: Dodged            |    25 |    25 ||    50

Table legend: (Time is in decaauts)
 A = Elapsed time spent in this place.
 B = Non-inter-level travel time spent in this place.
 C = Inter-level travel time spent in this place.
 D = Time resting spent in this place.
 E = Time spent auto-exploring this place.
 F = Levels seen in this place.
 G = Mean time per level.
                   A        B        C        D        E       F      G
               +--------+--------+--------+--------+--------+-----+--------+
         Total |   3716 |   3716 |      0 |   1170 |      0 |   4 |  929.0 |
       Dungeon |   3716 |   3716 |      0 |   1170 |      0 |   4 |  929.0 |
               +--------+--------+--------+--------+--------+-----+--------+

Top non-repeatable levels by time:
     D:1: 1406 daAuts
     D:3: 1305 daAuts
     D:2: 945 daAuts
     D:4: 59 daAuts
